[Event "GrandPrix_29.05"]
[Site "Chess.com"]
[Date "2020.05.29"]
[Round "1"]
[White "DaVinci81"]
[Black "Shota_Azaladze"]
[Result "1-0"]
[WhiteElo "2157"]
[BlackElo "2022"]
[TimeControl "600+2"]
[EndTime "9:27:04 PDT"]
[Termination "DaVinci81 won by checkmate"]

1. Nf3 Nf6 2. c4 g6 3. Nc3 Bg7 4. e4 c5 5. d4 cxd4 6. Nxd4 Nc6 7. Be3 O-O 8. Be2 d6 9. O-O Bd7 10. Nb3 a5 11. Nd2 Be6 12. Rc1 Nd7 13. Na4 b6 14.
Nc3 Nc5 15. b3 Nb4 16. a3 Nc6 17. Nb5 Bd7 18. Qc2 Qb8 19. Rfd1 Qb7 20. h3 f5 21.
exf5 Bxf5 22. Qa2 Qd7 23. Nf3 a4 24. b4 Nb3 25. Bxb6 Nxc1 26. Rxc1 Kh8 27. Qd2 Qb7 28. Be3 Rad8 29. Nbd4 Be4 30. Nxc6 Bxc6 31. Bh6 e5 32. b5 Be4 33. Bxg7+ Kxg7 34. Qe3 h6 35. c5 dxc5 36. Rxc5 Rfe8 37. Qc3 Rc8 38. b6 Rxc5 39. Qxc5 Qe7 40. Qc4 Bb7 41. Qxa4 Rc8 42.
Qb5 Rc1+ 43. Kh2 Rc5 44. Qb2 Kh7 45. Nd2 e4 46. Nc4 Ba6 47. Ne3 Bxe2 48. Qxe2 Qd6+ 49.
g3 Qxb6 50. Ng4 Qc6 51. Qe3 h5 52. Qh6+ Kg8 53. Ne3 Qf6 54. Ng2 Rc2 55. Qe3 Qf5 56. Kg1 Rc6 57. Nf4 Kh7 58. Kg2 Rf6 59. h4 Rf7 60. a4 Qe5 61. Qb6 Rf6 62. Qa7+ Kh6 63. Qe3 Kg7 64. Nh3 Qd5 65. Nf4 Qc4 66. a5 Rf7 67. a6 Qxa6 68. Qxe4 Qf6 69. Ne6+ Kg8 70.
Nf4 Kh7 71. Kh2 Kg7 72. Kg2 Qf5 73. Qd4+ Kh7 74. Qc4 Qd7 75. Ne6 Qb7+ 76. Kg1 Re7 77. Ng5+ Kh6 78. Qc1 Kg7 79. Qc3+ Kh6 80. Qd2 Kg7 81.
Qc3+ Kg8 82. Qc4+ Kf8 83. Ne6+ Ke8 84. Kh2 Qa7 85. Qc8+ Kf7 86. Ng5+ Kg7 87. Qc3+ Kg8 88. Qf6 Rg7 89. Qd8# 1-0

[Event "GrandPrix_29.05"]
[Site "Chess.com"]
[Date "2020.05.29"]
[Round "1"]
[White "arminmusovic"]
[Black "matej2221"]
[Result "1-0"]
[WhiteElo "2301"]
[BlackElo "1646"]
[TimeControl "600+2"]
[EndTime "9:27:05 PDT"]
[Termination "arminmusovic won by resignation"]

1. a3 d5 2. Nc3 d4 3. Ne4 e5 4. Ng3 Nc6 5. e4 dxe3 6. fxe3 Nf6 7. Bc4 Qd6 8. N1e2 Be6 9. Bxe6 Qxe6 10. O-O Bc5 11.
d4 Bb6 12. c3 O-O 13. Qc2 Rfe8 14. Bd2 Na5 15. Rae1 Nc4 16. Bc1 exd4 17. Nxd4 Bxd4 18.
cxd4 Nd6 19. e4 Nfxe4 20. Nxe4 Nxe4 21. Qxc7 Qd5 22. Kh1 Rad8 23. Be3 Nf6 24. Bg1 Rxe1 25. Rxe1 h6 26. Re5 Qd7 27. Re7 Qxc7 28. Rxc7 Rd7 29.
Rc8+ Kh7 30. g3 Re7 31. Rd8 Rd7 32.
Rc8 Kg6 33. Kg2 Kf5 34. Kf3 a6 35. g4+ Ke6 36. h3 Rd5 37. Rc7 Rb5 38. b4 Nd5 39. Rc8 a5 40. Rc5 Rxc5 41. bxc5 Nc3 42. Ke3 Kd5 43. Kd3 Ne4 44. Be3 a4 45. Bg1 g6 46.
Be3 h5 47. gxh5 gxh5 48. Bg1 Ng5 49. Kc3 Ne6 50. Kd3 Ng5 51. h4 Nf3 52. Bf2 f6 53. Kc3 Nh2 54. Kb4 Nf3 55. Kxa4 Nxd4 56. Ka5 Nb3+ 57.
Kb6 f5 58. a4 f4 59. a5 f3 60. a6 bxa6 61. c6 Nd2 62. c7 Nc4+ 63. Kxa6 Nd6 64. Bg3 Nc8 65. Kb7 Ne7 66. Bf2 Ke4 67. Bc5 Kd3 68.
Bxe7 f2 69. c8=Q f1=Q 70. Qd7+ Ke4 71. Qe6+ Kd4 72. Bf6+ Kc5 73. Qc6+ Kb4 74. Be7+ Kb3 75. Qd5+ Kc2 76. Qe4+ Kb3 77. Qe3+ Kc2 78. Qe4+ Kb3 79. Qd5+ Kc2 80. Qxh5 Qg2+ 81. Kc7 Qg3+ 82. Bd6 Qg7+ 83. Kc6 Qg2+ 84. Qd5 Qg7 85. Qc5+ Kd2 86. h5 Ke2 87. Qe5+ Qxe5 88. Bxe5 1-0

[Event "GrandPrix_29.05"]
[Site "Chess.com"]
[Date "2020.05.29"]
[Round "1"]
[White "gliglu"]
[Black "Dolphin_2010"]
[Result "1-0"]
[WhiteElo "2436"]
[BlackElo "1810"]
[TimeControl "600+2"]
[EndTime "9:27:49 PDT"]
[Termination "gliglu won on time"]

1. d4 c6 2. c4 d5 3. Nf3 Nf6 4. g3 Bf5 5. Nbd2 e6 6. Bg2 Nbd7 7. O-O Be7 8. b3 O-O 9. Bb2 Ne4 10. e3 Qa5 11. Nxe4 Bxe4 12. Qe2 Ba3 13. Bxa3 Qxa3 14.
Nd2 Bxg2 15. Kxg2 f5 16. Nf3 a5 17. Rab1 Qe7 18. h4 Qf7 19. Ng5 Qg6 20. Nh3 h6 21.
Nf4 Qf7 22. h5 Rfc8 23. Rfc1 Nf6 24. Rc2 Ne4 25. Rbc1 Kh7 26. Qd3 Nf6 27. cxd5 Nxd5 28.
Nxd5 exd5 29. Qe2 Qe6 30. Rc5 Qe4+ 31. Qf3 Re8 32. Rh1 Re6 33. Rh4 Qxf3+ 34. Kxf3 Re4 35. Rf4 g6 36. hxg6+ Kxg6 37. Rc1 Kg5 38. Rh1 h5 39. Ke2 a4 40. b4 a3 41. Kd3 Rh8 42. f3 Rxf4 43. exf4+ Kf6 44. Kc3 Rg8 45. Rh3 Re8 46. Kd2 Rg8 47. Ke2 Re8+ 48. Kf2 Kg6 49. Rh1 Rh8 50. Re1 Kf6 51. Re3 h4 52. Rxa3 hxg3+ 53. Kxg3 Rg8+ 54. Kf2 Rh8 55. Ra7 Rh2+ 56. Ke3 Ke6 57. a4 Rb2 58. Rxb7 Rb3+ 59. Kf2 Rb2+ 60. Kg3 Rd2 61. a5 Rxd4 62. a6 Rd2 63. a7 Ra2 64.
Kh4 d4 65. Kg5 d3 66. Rc7 d2 67. Rxc6+ Kd7 68. Rc2 Rxc2 69. a8=Q d1=Q 70. Qb7+ Rc7 71. Qb5+ Kc8 72. Qa6+ Rb7 73. Qa8+ Kc7 74. Qa5+ Rb6 75. Qa7+ Kc6 76. Qa8+ Kb5 77. Qa5+ Kc6 78. Qa8+ Rb7 79. Qa6+ Kc7 80. Qa5+ Kd7 81. Qxf5+ Kd8 82. Qf8+ Kd7 83. f5 Qd2+ 84. f4 Qg2+ 85. Kh6 Rb6+ 86. f6 Qh3+ 87. Kg7 Qg4+ 88. Kf7 Qh5+ 89. Kg7 Qg4+ 90. Kf7 Qxf4 91. Qe7+ Kc8 92. Ke8 Rb7 93. Qe6+ 1-0

[Event "GrandPrix_29.05"]
[Site "Chess.com"]
[Date "2020.05.29"]
[Round "1"]
[White "SamadovRead"]
[Black "Misi_95"]
[Result "1/2-1/2"]
[WhiteElo "1947"]
[BlackElo "2165"]
[TimeControl "600+2"]
[EndTime "9:28:30 PDT"]
[Termination "Game drawn by repetition"]

1. d4 Nf6 2. c4 e6 3. g3 c5 4. Nf3 cxd4 5. Nxd4 d5 6. Bg2 e5 7. Nf3 d4 8. O-O Nc6 9. e3 Be7 10. exd4 exd4 11. b4 Nxb4 12. Nxd4 O-O 13. a3 Bg4 14. f3 Bc5 15. Be3 Nc6 16. fxg4 Nxd4 17. Nc3 Re8 18. Bf2 h6 19. Rb1 Rb8 20. Kh1 Ne6 21. Nd5 Bxf2 22. Rxf2 Nxd5 23. cxd5 Ng5 24. Qd4 Qd6 25. Qxa7 Ra8 26. Qb6 Re1+ 27. Rf1 Rxf1+ 28. Bxf1 Qxd5+ 29. Bg2 Qd3 30. Qxb7 Rxa3 31. Qc8+ Kh7 32. Qf5+ g6 33. Qxd3 Rxd3 34. Rf1 Kg7 35. h4 Ne6 36. Kh2 Nf8 37. Be4 Rd2+ 38. Kg1 Nd7 39. Rf2 Rd4 40. Bf3 Ne5 41. Kg2 Nxg4 42.
Bxg4 Rxg4 43. Ra2 Rc4 44. Ra6 Re4 45. Kf3 Re6 46. Ra5 Kf6 47. Rb5 Rd6 48. Ra5 Ke6 49.
Rb5 Rd5 50. Rb7 Rd3+ 51. Kf2 g5 52. hxg5 hxg5 53. Rb5 f6 54. Ra5 Rd5 55. Ra6+ Kf5 56. Ra4 Rd3 57. Rb4 Ra3 58. Rc4 Ra2+ 59. Kf1 Ke5 60.
Rb4 Rd2 61. Ra4 Rd4 62. Ra6 f5 63. Kf2 Rd2+ 64. Ke3 Rd5 65. Kf3 Rd3+ 66. Kf2 g4 67. Ra5+ Ke4 68. Ra4+ Rd4 69. Ra2 Rc4 70. Re2+ Kd4 71.
Rd2+ Ke5 72. Re2+ Kd5 73. Ra2 Rc3 74. Rd2+ Ke5 75. Re2+ Kf6 76. Ra2 Rf3+ 77. Kg2 Rc3 78. Kf2 Ke5 79. Re2+ Kd4 80. Rd2+ Rd3 81. Re2 Kc3 82.
Re5 Rf3+ 83. Kg2 Kd4 84. Ra5 Ke4 85. Ra4+ Ke5 86. Ra5+ Kf6 87. Ra6+ Kg5 88. Ra4 Rd3 89. Kf2 Rd2+ 90. Kf1 Kf6 91. Ra5 Rc2 92. Kg1 Ke6 93.
Kf1 Rd2 94. Kg1 Rd5 95. Ra4 Ke5 96. Kf2 Rd2+ 97. Kf1 Rd4 98. Ra2 Kf6 99. Kf2 Kg5 100.
Ra5 Rd2+ 101. Kf1 Rc2 102. Kg1 Kg6 103. Kf1 Rd2 104. Kg1 Kf6 105. Kf1 Ke6 106. Kg1 Rd5 107. Ra4 Ke5 108. Kf2 Rd2+ 109. Kf1 Rc2 110. Kg1 Rd2 111. Kf1 1/2-1/2

[Event "GrandPrix_29.05"]
[Site "Chess.com"]
[Date "2020.05.29"]
[Round "1"]
[White "TheEternalPatzer"]
[Black "DaviD-GevorG"]
[Result "1/2-1/2"]
[WhiteElo "2035"]
[BlackElo "1750"]
[TimeControl "600+2"]
[EndTime "9:29:06 PDT"]
[Termination "Game drawn by 50-move rule"]

1. c4 e5 2. Nc3 d6 3. d4 Nd7 4. Nf3 Ngf6 5. e4 Be7 6. Be2 O-O 7. O-O c6 8. Re1 Qc7 9. h3 Ne8 10. Be3 g6 11. b4 Ng7 12. Qb3 a5 13. a3 Kh8 14.
dxe5 dxe5 15. c5 Ne6 16. Bc4 Nf6 17. Ng5 Nxg5 18. Bxg5 Kg7 19. Na4 axb4 20. axb4 Nh5 21. Bd2 Nf4 22. Bxf4 exf4 23. e5 Bf5 24. Qc3 g5 25.
Nb6 Rxa1 26. Qxa1 Be6 27. Bxe6 fxe6 28. Nc4 Qc8 29. Qd4 f3 30. Nd6 Qa8 31. Qg4 Qa2 32. gxf3 Rf4 33. Qh5 Qd5 34. Re4 Rf8 35. h4 h6 36. Kg2 b5 37. hxg5 hxg5 38. Ne8+ Rxe8 39. Qxe8 Bf8 40. Qh5 Be7 41. Qe8 Bf8 42. Qb8 Be7 43.
Qc7 Kf7 44. Qc8 Bf8 45. Qc7+ Be7 46. Qa5 Qd3 47. Qa1 Qd5 48. Qd4 Bf8 49. f4 g4 50. Kg3 Kg6 51. Qxd5 exd5 52. Re1 Kf5 53. e6 Be7 54. Re5+ Kf6 55. Kxg4 d4 56. Re4 d3 57. Rd4 Kxe6 58. Rxd3 Bf6 59. Kf3 Ke7 60. Ke4 Bg7 61.
Rd6 Bc3 62. Rxc6 Bxb4 63. Rb6 Bxc5 64. Rxb5 Bxf2 65. f5 Bh4 66. Rb3 Kf7 67. Ke5 Bf6+ 68.
Kf4 Bd4 69. Rb7+ Kf6 70. Ke4 Bc3 71. Rb6+ Kf7 72. Re6 Bf6 73. Kd5 Bc3 74. Rd6 Bb2 75.
Rg6 Bf6 76. Kd6 Bc3 77. Kd7 Bf6 78. Rh6 Be5 79. Re6 Bf6 80. Kd6 Bg5 81. Kd5 Bf6 82. Ke4 Bg5 83. Kf3 Bf6 84. Kg4 Bd4 85. Kh5 Bf6 86. Kh6 Bg7+ 87. Kh7 Bf6 88. Kh6 Bg7+ 89. Kg5 Bb2 90. Re1 Bc3 91. Rd1 Bf6+ 92. Kf4 Bb2 93. Rd7+ Kf6 94. Rd6+ Kf7 95. Rg6 Bc1+ 96. Kg4 Bb2 97. Kg5 Bc1+ 98. Kh5 Bb2 99. Rg4 Bc3 100. Rg3 Bb2 101. Rf3 Kf6 102. Kg4 Bd4 103. Rd3 Bb2 104. Rd6+ Kf7 105. Kf4 Bc1+ 106. Ke4 Bb2 107. Rc6 Ba1 108. Kf4 Bd4 109. Rc4 Bb2 110. Kg5 Bf6+ 111. Kh6 Bb2 112. Kg5 Bf6+ 113. Kf4 Bb2 114. Rc2 Bd4 115. Ke4 1/2-1/2

[Event "GrandPrix_29.05"]
[Site "Chess.com"]
[Date "2020.05.29"]
[Round "1"]
[White "SantoBlue"]
[Black "Salnaa"]
[Result "1/2-1/2"]
[WhiteElo "2341"]
[BlackElo "2147"]
[TimeControl "600+2"]
[EndTime "9:30:58 PDT"]
[Termination "Game drawn by repetition"]

1. e4 c5 2. Nf3 Nc6 3. Nc3 e5 4. Bc4 d6 5. d3 Be7 6. O-O Nf6 7.
Ng5 O-O 8. f4 Bg4 9. Nf3 Nd4 10.
Kh1 Qd7 11. a4 b6 12. f5 a6 13. Nd5 b5 14. Nxf6+ Bxf6 15. Bd5 Rac8 16. c3 Nc6 17. h3 Bxf3 18. Qxf3 Ne7 19. Bb3 c4 20. Bc2 d5 21. axb5 dxe4 22. dxe4 axb5 23. Be3 Nc6 24.
Rfd1 Qe7 25. Qf2 Rfd8 26. Rd5 Qb7 27. Rad1 b4 28. Ba4 b3 29. Bb6 Rxd5 30. exd5 Nd4 31.
Bxd4 exd4 32. Bc6 Qe7 33. cxd4 Qe4 34. Re1 Qxd4 35. Qxd4 Bxd4 36. d6 Bxb2 37. d7 Rf8 38.
Bd5 Bf6 39. Bxc4 b2 40. Ba2 g6 41. fxg6 hxg6 42. Re8 Kg7 43. Kg1 Rh8 44. Kf2 g5 45. Kg3 Bd8 46. Bb1 Bf6 47. Kf3 Bd8 48. Ke2 Bf6 49. Kd2 g4 50. Kc2 gxh3 51. gxh3 Rf8 52. Kb3 Rh8 53. Ka2 Rf8 54. Bf5 Rh8 55. Bg4 Rf8 56.
Bf3 Rh8 57. Bd1 Rf8 58. Bc2 Rh8 59. Be4 Rf8 60. Kb3 Rh8 61. Kc2 Rf8 62. Kd2 Rh8 63. Bb1 Rf8 64. Ke2 Rh8 65. Bc2 Rf8 66. Kf3 Rh8 67.
Kg3 Rf8 68. Bb1 Rh8 69. Be4 Rf8 70. Bf5 Rh8 71. Bb1 Rf8 72. Kf3 Rh8 73. Kg4 Rh4+ 74. Kg3 Rd4 75. d8=Q Bxd8 76. Re2 Rb4 77. Rc2 Bf6 78.
Rg2 Ra4 79. Kf3+ Kf8 80. Rg1 Rc4 81. Ke2 Rc1 82. Rd1 Kg7 83. Rf1 Bg5 84. Bd3 f6 85. Bf5 Kh6 86. Rd1 Kh5 87. Rd8 Kh4 88.
Kf3 Rc3+ 89. Kg2 Rg3+ 90. Kh2 Bf4 91. Rd4 Kg5 92. Rd5 Rf3+ 93. Kg2 Rg3+ 94. Kf2 Be5 95. Bb1 Rxh3 96. Rd1 Rh2+ 97. Kf3 Rh4 98. Rg1+ Kh5 99. Rg8 Rf4+ 100. Ke3 Rf1 101. Rh8+ Kg4 102. Rg8+ Kh3 103. Rh8+ Kg3 104. Rg8+ Kh4 105. Rh8+ Kg5 106. Rg8+ Kh6 107. Rh8+ Kg7 108. Rh7+ Kg8 109. Bg6 b1=Q 110. Bxb1 Rxb1 111. Rd7 Rf1 112. Ke4 Kf8 113. Rb7 Bd6 114. Kd5 Be7 115. Ke6 Re1+ 116. Kf5 Kf7 117. Ra7 Re5+ 118. Kf4 Rb5 119. Rd7 Ke6 120. Ra7 Bd6+ 121. Ke4 f5+ 122. Kf3 Rb3+ 123. Ke2 f4 124. Ra5 Be5 125. Ra8 Kf5 126. Ra4 f3+ 127. Kf2 Bf4 128. Ra8 Ke4 129. Ra4+ Kf5 130. Ra8 Kg4 131. Rg8+ Bg5 132. Rg7 Rb2+ 133. Kf1 Kh4 134. Rg8 Be3 135. Rh8+ Kg4 136. Rg8+ Bg5 137. Rg7 Rb5 138. Kf2 Rb2+ 139. Kf1 1/2-1/2

[Event "GrandPrix_29.05"]
[Site "Chess.com"]
[Date "2020.05.29"]
[Round "2"]
[White "ZoranRunic1"]
[Black "Khvicha_Supatashvili"]
[Result "1-0"]
[WhiteElo "2204"]
[BlackElo "1707"]
[TimeControl "600+2"]
[EndTime "9:42:34 PDT"]
[Termination "ZoranRunic1 won by resignation"]

1. e4 c5 2. Nf3 Nc6 3. d4 cxd4 4. Nxd4 Nf6 5. Nc3 d6 6. Bc4 e6 7. Be3 a6 8. Qe2 Qc7 9. O-O-O Na5 10. Bd3 b5 11. g4 Be7 12. g5 Nd7 13. Nf5 exf5 14. Nd5 Qd8 15. exf5 Nc6 16. f6 gxf6 17. gxf6 Nxf6 18.
Bb6 Qd7 19. Nxf6+ 1-0

[Event "GrandPrix_29.05"]
[Site "Chess.com"]
[Date "2020.05.29"]
[Round "2"]
[White "Bengalas"]
[Black "Haykos"]
[Result "1/2-1/2"]
[WhiteElo "2039"]
[BlackElo "2168"]
[TimeControl "600+2"]
[EndTime "9:42:44 PDT"]
[Termination "Game drawn by agreement"]

1. d4 d5 2. c4 dxc4 3. e4 e5 4. Nf3 Bg4 5. Bxc4 Qe7 6. dxe5 Nc6 7. Bb5 Rd8 8. Bxc6+ bxc6 9. Qc2 Qc5 10. Qxc5 Bxc5 11.
Bg5 Rb8 1/2-1/2

[Event "GrandPrix_29.05"]
[Site "Chess.com"]
[Date "2020.05.29"]
[Round "2"]
[White "CHESSMASTER759"]
[Black "cassoulet"]
[Result "1-0"]
[WhiteElo "2164"]
[BlackElo "2074"]
[TimeControl "600+2"]
[EndTime "9:43:19 PDT"]
[Termination "CHESSMASTER759 won by resignation"]

1. e4 c5 2. Nf3 Nc6 3. d4 cxd4 4.
Nxd4 Nf6 5. Nc3 e6 6. Nxc6 bxc6 7. Bd3 d5 8. O-O Bd6 9. Re1 Bc5 10. Na4 Be7 11. e5 Nd7 12. c4 dxc4 13. Bxc4 O-O 14.
Qg4 Re8 15. Bh6 Bf8 16. Nc3 Qa5 17. Qg3 Rb8 18. Ne4 Qxe5 19. Bf4 Qxb2 20. Bxb8 Qxb8 21. Nf6+ Kh8 22. Qxb8 Nxb8 23. Nxe8 Nd7 24. Rad1 Bb4 25. Nd6 1-0

[Event "GrandPrix_29.05"]
[Site "Chess.com"]
[Date "2020.05.29"]
[Round "2"]
[White "Shota_Azaladze"]
[Black "Jaka_Brilej"]
[Result "1-0"]
[WhiteElo "2270"]
[BlackElo "2179"]
[TimeControl "600+2"]
[EndTime "9:43:25 PDT"]
[Termination "Shota_Azaladze won by resignation"]

1. Nf3 f5 2. g3 Nf6 3. Bg2 g6 4. O-O Bg7 5. c4 O-O 6. Nc3 d6 7. d4 c6 8. Qc2 Na6 9. Re1 Ne4 10. Nxe4 fxe4 11. Qxe4 Bf5 12. Qh4 Nb4 13. Bg5 Qb6 14. e4 Bd7 15. Bxe7 Rf7 16. c5 Qa6 17. cxd6 Rxf3 18. Bxf3 Nc2 19. e5 Nxe1 20. Rxe1 Qxa2 21.
Bg4 Bxg4 22. Qxg4 Qa5 23. Qe6+ Kh8 24. Re3 1-0

[Event "GrandPrix_29.05"]
[Site "Chess.com"]
[Date "2020.05.29"]
[Round "2"]
[White "levvard"]
[Black "GMMarcinDziuba"]
[Result "0-1"]
[WhiteElo "2029"]
[BlackElo "2511"]
[TimeControl "600+2"]
[EndTime "9:43:52 PDT"]
[Termination "GMMarcinDziuba won by resignation"]

1. b4 e5 2. Bb2 Bxb4 3. Bxe5 Nf6 4. e3 O-O 5. Nf3 Re8 6. Bc3 Bxc3 7. Nxc3 d5 8. Be2 c5 9. O-O Nc6 10. Rb1 d4 11.
Na4 b6 12. Bb5 Bd7 13. Nb2 a6 14. Be2 Be6 15. Nc4 b5 16. Nb2 Bxa2 17. Ra1 Be6 18.
Ng5 Bd5 19. c4 dxc3 20. dxc3 c4 21. Bf3 h6 22. Nh3 Ne5 23. Bxd5 Qxd5 24. Qxd5 Nxd5 25.
Nd1 Nd3 26. Ra5 Nc1 27. Nf4 Nxf4 28. exf4 Ne2+ 29. Kh1 Nxf4 30. Ne3 Nd3 31. Nd5 Ra7 32.
Nb4 Nxb4 33. cxb4 Re2 34. Ra3 Rb2 35. Rc3 Rxb4 0-1

[Event "GrandPrix_29.05"]
[Site "Chess.com"]
[Date "2020.05.29"]
[Round "2"]
[White "Semen_Khanin"]
[Black "ArnaudovP"]
[Result "1-0"]
[WhiteElo "2517"]
[BlackElo "1970"]
[TimeControl "600+2"]
[EndTime "9:43:57 PDT"]
[Termination "Semen_Khanin won by resignation"]

1. e4 c6 2. d4 d5 3. Nd2 dxe4 4. Nxe4 Nf6 5. Nxf6+ exf6 6. c3 Bd6 7. Bd3 O-O 8.
Qc2 Re8+ 9. Ne2 h5 10. O-O h4 11.
Nf4 Qc7 12. g3 Nd7 13. Qd1 Nf8 14.
Qh5 g6 15. Qh6 hxg3 16. hxg3 Ne6 17. Nh5 Qd8 18. Bxg6 fxg6 19. Qxg6+ Kf8 20. Bh6+ Ke7 21. Qh7+ 1-0

[Event "GrandPrix_29.05"]
[Site "Chess.com"]
[Date "2020.05.29"]
[Round "2"]
[White "DenisQ"]
[Black "Sunnika"]
[Result "1-0"]
[WhiteElo "1940"]
[BlackElo "2163"]
[TimeControl "600+2"]
[EndTime "9:44:08 PDT"]
[Termination "DenisQ won by resignation"]

1. Nf3 Nf6 2. c4 e6 3. g3 b6 4.
Bg2 Bb7 5. O-O Be7 6. Nc3 O-O 7. Re1 d5 8. cxd5 Nxd5 9. e4 Nxc3 10. bxc3 Nc6 11.
d4 Re8 12. h4 h6 13. Bf4 Bd6 14. e5 Bf8 15. Nd2 Na5 16. Ne4 Bd5 17. Qg4 Kh7 18. Qh5 Kg8 19. Bxh6 gxh6 20. Nf6+ Kh8 21. Bxd5 exd5 22.
Qf5 1-0

[Event "GrandPrix_29.05"]
[Site "Chess.com"]
[Date "2020.05.29"]
[Round "2"]
[White "Gannikus21"]
[Black "szachuspl"]
[Result "0-1"]
[WhiteElo "1982"]
[BlackElo "2290"]
[TimeControl "600+2"]
[EndTime "9:44:21 PDT"]
[Termination "szachuspl won by resignation"]

1. e4 c5 2. Nf3 e6 3. d4 cxd4 4. Nxd4 Nc6 5. Nc3 a6 6. Be2 Nf6 7. Be3 Bb4 8. Nxc6 bxc6 9. Qd3 d5 10. e5 Nd7 11. f4 Nc5 12. Bxc5 Bxc5 13. O-O-O Qa5 14. Kb1 Rb8 15. Ka1 O-O 16. Rb1 Rb4 17. Rhf1 Bd7 18. g4 Rfb8 19. f5 Qb6 20. Qxa6 Qxa6 21.
Bxa6 Rxg4 22. Bd3 Bd4 23. Rbe1 exf5 24. Bxf5 Bxf5 25. Rxf5 Rg2 26. Rc1 Rxh2 27. Na4 g6 28. Rf6 Bxe5 29. Rxc6 Rh4 30. c4 Rh2 31. cxd5 Bxb2+ 32.
Nxb2 Rbxb2 33. Ra6 Rbd2 34. d6 h5 0-1

[Event "GrandPrix_29.05"]
[Site "Chess.com"]
[Date "2020.05.29"]
[Round "2"]
[White "kpio91"]
[Black "Kildepiotr"]
[Result "1-0"]
[WhiteElo "2727"]
[BlackElo "2250"]
[TimeControl "600+2"]
[EndTime "9:44:22 PDT"]
[Termination "kpio91 won by resignation"]

1. e4 g6 2. d4 Bg7 3. c4 d6 4. Nc3 Nd7 5. Be3 e5 6. Nge2 Ngf6 7. f3 O-O 8. d5 Nh5 9. Qd2 f5 10.
O-O-O a6 11. Kb1 Rb8 12. exf5 gxf5 13. Ng3 Ndf6 14. Nxh5 Nxh5 15. Bd3 Bd7 16. Bc2 b5 17. c5 dxc5 18. Bxc5 Rf6 19. d6 c6 20. g4 fxg4 21.
fxg4 Nf4 22. Ne4 Rf7 23. Rhg1 Be6 24. g5 Kh8 25. h4 Rbb7 26. h5 Nxh5 27. g6 hxg6 28.
Ng5 Rf6 29. Nxe6 Rxe6 30. Bxg6 Nf4 31. Qh2+ Kg8 32. Qh7+ 1-0

[Event "GrandPrix_29.05"]
[Site "Chess.com"]
[Date "2020.05.29"]
[Round "2"]
[White "AmilAbbasov"]
[Black "Karinaa87"]
[Result "1-0"]
[WhiteElo "2223"]
[BlackElo "1941"]
[TimeControl "600+2"]
[EndTime "9:44:26 PDT"]
[Termination "AmilAbbasov won by resignation"]

1. e4 e5 2. Nf3 Nc6 3. d4 exd4 4. Bc4 Nf6 5. e5 d5 6. Bb5 Ne4 7. Nxd4 Bd7 8. Bxc6 bxc6 9. O-O Bc5 10. f3 Ng5 11. f4 Ne4 12. Be3 Bb6 13. c3 c5 14.
Nb3 Bb5 15. Re1 Bc6 16. N1d2 Nxd2 17. Qxd2 d4 18. cxd4 c4 19. Na5 Bxa5 20. Qxa5 O-O 21. f5 Qh4 22. d5 Bb7 23. Rad1 Rad8 24. f6 Rxd5 25. Rxd5 Bxd5 26. Bf2 Qg5 27. Qxd5 gxf6 28. Qxc4 fxe5 29. Qxc7 1-0

[Event "GrandPrix_29.05"]
[Site "Chess.com"]
[Date "2020.05.29"]
[Round "2"]
[White "Man-Chuk"]
[Black "woodhy"]
[Result "0-1"]
[WhiteElo "1882"]
[BlackElo "1958"]
[TimeControl "600+2"]
[EndTime "9:44:47 PDT"]
[Termination "woodhy won by resignation"]

1. d4 Nf6 2. Nf3 b6 3. c4 e6 4. g3 Bb7 5. Bg2 Be7 6. O-O O-O 7. Re1 d5 8. cxd5 exd5 9. Nc3 Re8 10. Bg5 Nbd7 11.
Ne5 Nxe5 12. dxe5 Ne4 13. Bxe7 Qxe7 14. f4 Qc5+ 15. e3 Nxc3 16. bxc3 Rad8 17. Qd4 Qa5 18.
Qb4 Qxb4 19. cxb4 c5 20. bxc5 bxc5 21. Rec1 c4 22. Rab1 Bc6 23. e4 dxe4 24. Rxc4 Bd5 25. Ra4 0-1

[Event "GrandPrix_29.05"]
[Site "Chess.com"]
[Date "2020.05.29"]
[Round "2"]
[White "Inspiration1"]
[Black "Pidzsy"]
[Result "0-1"]
[WhiteElo "1378"]
[BlackElo "2140"]
[TimeControl "600+2"]
[EndTime "9:46:04 PDT"]
[Termination "Pidzsy won by resignation"]

1. d4 g6 2. e4 Bg7 3. Nc3 d6 4. Be3 c6 5. Qd2 b5 6. h4 Nf6 7. f3 Nbd7 8. Bh6 Bxh6 9. Qxh6 Qa5 10. Ne2 b4 11. Nd1 b3+ 12. Ndc3 bxc2 13. Rc1 Rb8 14.
Rxc2 Ba6 15. Nc1 Bxf1 16. Kxf1 c5 17. d5 Ne5 18. Kg1 c4 19. Rh3 Qc5+ 20. Kh1 Nd3 21. Nxd3 cxd3 22. Rd2 Qd4 23. Nd1 Nh5 24. g4 Nf6 25. h5 Rc8 26. hxg6 fxg6 27. Qe3 Qc4 28. b3 Qc1 29. Qxd3 O-O 30. Rhh2 Nd7 31. Rc2 Rxc2 32. Rxc2 Qa1 33. Kg2 Ne5 34. Qc3 Qxd1 0-1

[Event "GrandPrix_29.05"]
[Site "Chess.com"]
[Date "2020.05.29"]
[Round "2"]
[White "Andrjywa"]
[Black "SavelijTartakover"]
[Result "1/2-1/2"]
[WhiteElo "2089"]
[BlackElo "2437"]
[TimeControl "600+2"]
[EndTime "9:46:13 PDT"]
[Termination "Game drawn by agreement"]

1. e4 e6 2. d4 d5 3. Nd2 c5 4. Ngf3 Nc6 5. exd5 exd5 6. Bb5 Qe7+ 7. Qe2 Qxe2+ 8. Bxe2 Bf5 9. c3 cxd4 10. Nxd4 Nxd4 11. cxd4 Nf6 12. O-O Be7 13. Bb5+ Bd7 14. Bxd7+ Nxd7 15. Re1 f6 16. Nb3 Kf7 17. Bf4 Rhc8 18. Rac1 Nf8 19. Rxc8 Rxc8 20. Rc1 Rxc1+ 21. Bxc1 Ne6 22. Kf1 Bd8 23.
Ke2 Bb6 24. Kd3 Ke7 25. Bd2 Kd7 26. g3 h5 27. Ba5 Bxa5 28. Nxa5 b6 29. Nb3 g5 30. Nd2 Ng7 31. Nf1 Nf5 32. Ne3 Ke6 33. Nxf5 Kxf5 34. f3 g4 35. f4 Ke6 36. Ke3 Kf5 37.
Kd3 Ke6 1/2-1/2

[Event "GrandPrix_29.05"]
[Site "Chess.com"]
[Date "2020.05.29"]
[Round "2"]
[White "sergiochess83"]
[Black "weplaychess09"]
[Result "1-0"]
[WhiteElo "2584"]
[BlackElo "2095"]
[TimeControl "600+2"]
[EndTime "9:46:27 PDT"]
[Termination "sergiochess83 won by resignation"]

1. e4 e5 2. Nf3 Nc6 3. Bb5 a6 4. Ba4 Nf6 5. O-O Be7 6. d3 b5 7.
Bb3 d6 8. a3 Na5 9. Ba2 c5 10.
Nc3 O-O 11. Bg5 Be6 12. Bxf6 Bxf6 13. Nd5 Nc6 14. c3 g6 15. Qd2 Rc8 16. a4 Bg7 17. Ng5 Bd7 18. f4 h6 19. Nf3 Kh7 20. f5 gxf5 21.
exf5 Bxf5 22. Nxe5 Be6 23. Nxc6 Rxc6 24. Rae1 Rc8 25. d4 cxd4 26. Qd3+ Kg8 27. Bb1 Re8 28.
Qh7+ Kf8 29. Nf4 Bf5 30. Qxf5 Rxe1 31. Ng6+ Kg8 32. Qxf7+ Kh7 33. Rxe1 d3 34. Bxd3 Qf6 35. Ne7+ Kh8 36. Qxf6 Bxf6 37. Nxc8 1-0

[Event "GrandPrix_29.05"]
[Site "Chess.com"]
[Date "2020.05.29"]
[Round "2"]
[White "LANCELOT96"]
[Black "Rikikits"]
[Result "0-1"]
[WhiteElo "2268"]
[BlackElo "2744"]
[TimeControl "600+2"]
[EndTime "9:46:32 PDT"]
[Termination "Rikikits won by resignation"]

1. d4 f5 2. c4 Nf6 3. Nf3 g6 4. g3 Bg7 5. Bg2 O-O 6. O-O d6 7. Nc3 Nc6 8. d5 Ne5 9. Nxe5 dxe5 10. e4 f4 11. c5 g5 12. b4 Kh8 13. Rb1 Bg4 14.
f3 Bd7 15. g4 h5 16. h3 Nh7 17.
a4 Rf6 18. b5 b6 19. Ba3 Rh6 20. Kf2 a5 21. Rh1 Nf8 22. Rc1 Ng6 23. Nb1 Nh4 24. Nd2 Kh7 25. Nc4 bxc5 26. Bxc5 Ng6 27. Ba3 Nh8 28. Qd2 Nf7 29. Nxa5 c5 30. Nb7 Qb6 31.
Nxc5 Rxa4 32. Qb2 Ra5 33. Rc3 Rxb5 34. Rb3 Nd6 35. Rb1 hxg4 36. hxg4 Qa7 37. Rxb5 Bxb5 38. Rh1 Rh4 39. Rxh4+ gxh4 40. Kg1 Bf6 41. Kh2 Be8 42. Ne6 Nc4 43. Qf2 Qxf2 0-1

[Event "GrandPrix_29.05"]
[Site "Chess.com"]
[Date "2020.05.29"]
[Round "2"]
[White "Lukianoo"]
[Black "ploky25"]
[Result "1-0"]
[WhiteElo "2677"]
[BlackElo "2221"]
[TimeControl "600+2"]
[EndTime "9:46:39 PDT"]
[Termination "Lukianoo won by checkmate"]

1. e4 c5 2. Nf3 e6 3. c3 d5 4. e5 d4 5. Bd3 Bd7 6. O-O Bc6 7. b4 Nd7 8. cxd4 cxd4 9. Na3 Bxb4 10.
Nc4 Ne7 11. Rb1 Bc5 12. Re1 Ng6 13. Bb2 O-O 14. Nxd4 Ndxe5 15. Nxe5 Bxd4 16. Nxc6 bxc6 17. Be4 Rb8 18. Bxd4 Rxb1 19. Qxb1 Qxd4 20. Bxc6 Qxd2 21. Rd1 Qa5 22. Be4 Rd8 23. Rxd8+ Qxd8 24. g3 Nf8 25. h4 h5 26. Kg2 Qd4 27. Bf3 g6 28. Qb7 Kg7 29. Bc6 Qb6 30. Qa8 Nh7 31. a4 Nf6 32.
Bb5 Ng4 33. Qf3 a5 34. Be8 f5 35. Qc3+ e5 36. Qc2 Qd4 37. Qc7+ Kh6 38. Qc1+ f4 39. Qc2 fxg3 40. Qxg6# 1-0

[Event "GrandPrix_29.05"]
[Site "Chess.com"]
[Date "2020.05.29"]
[Round "2"]
[White "Herracek"]
[Black "tornikesanikidze"]
[Result "0-1"]
[WhiteElo "2162"]
[BlackElo "2252"]
[TimeControl "600+2"]
[EndTime "9:46:42 PDT"]
[Termination "tornikesanikidze won by resignation"]

1. c4 e6 2. Nc3 d5 3. d4 Bb4 4. Nf3 Nf6 5. Bg5 dxc4 6. e3 b5 7. Ne5 Bb7 8. Be2 h6 9. Bf3 c6 10. Bh4 g5 11. Bg3 Nd5 12. O-O Nd7 13. Ne4 Nxe5 14.
Bxe5 f6 15. Bh5+ Ke7 16. Nxf6 Nxf6 17. Bxf6+ Kxf6 18. Qf3+ Ke7 19. Qf7+ Kd6 20. e4 Qe7 21. Qf3 Qf8 22. Qe2 Kc7 23. a3 Bd6 24. e5 Be7 25. Rfc1 Rd8 26. a4 Qf4 27. Bf3 Qxd4 28. axb5 cxb5 29. Bxb7 Kxb7 30. b3 Rhf8 31. bxc4 Bc5 32. Kh1 Rxf2 33. Qh5 Qe4 34. Qh3 Rd3 0-1